Map: Catalyst LE

Players

PapaSchlumpf

  • Race: Terran Terran
  • Spawn Location: 11:00

Rogal - Winner!

  • Race: Protoss Protoss
  • League: Silver
  • Spawn Location: 5:00

VOD

Have the link to the VOD?

Description

Time

  • Played on: May 1, 2018, 3:11 a.m.
  • Length: 21:35
Show
View Real Time Build Order
Export as new Build Order

PapaSchlumpf Terran 

Build Orders: Command Center First (CC) 

Get SALT Encoding   

  12  0:01  SCV  
  13  0:13  SCV  
  14  0:25  SCV  
  15  0:49  Command Center  
  15  0:57  Refinery  
  15  1:20  Engineering Bay  
  15  1:24  SCV  
  15  2:06  Command Center  
  15  2:14  Command Center  
  15  2:34  Supply Depot  
  15  2:57  Barracks  
  15  3:36  Planetary Fortress  
  15  4:09  Planetary Fortress  
  14  4:13  SCV  
  14  4:15  Hi-Sec Auto Tracking  
  15  4:18  Orbital Command  
  15  4:22  Refinery  
  17  4:52  SCV  
  15  5:04  SCV  
  9  5:10  Factory  
  9  5:15  Refinery  
  9  5:16  SCV  
  10  5:28  SCV  
  11  5:29  Refinery  
  11  5:39  Orbital Command  
  11  5:41  SCV  
  12  5:53  SCV  
  12  5:56  Starport  
  13  5:57  Factory Tech Lab  
  13  6:10  SCV  
  14  6:12  Orbital Command  
  14  6:18  Sensor Tower  
  14  6:22  SCV  
  14  6:24  Missile Turret  
  14  6:25  Missile Turret  
  15  6:28  Missile Turret  
  15  6:56  SCV  
  16  7:08  Banshee  
  16  7:15  SCV  
  20  7:20  SCV  
  20  7:32  SCV  
  20  7:36  SCV  
  22  7:43  Cloaking Field  
  22  7:44  SCV  
  22  7:49  SCV  
  24  7:51  Banshee  
  24  7:56  Neosteel Frame  
  27  8:00  SCV  
  28  8:06  SCV  
  28  8:12  SCV  
  30  8:20  SCV  
  30  8:24  SCV  
  32  8:34  Banshee  
  35  9:22  Fusion Core  
  35  9:26  Starport  
  35  9:27  SCV  
  35  9:29  Starport  
  35  9:31  Refinery  
  36  9:32  Refinery, SCV  
  37  9:39  SCV  
  38  9:58  Supply Depot x2  
  38  10:02  Starport Tech Lab  
  38  10:05  Starport Tech Lab  
  38  10:20  SCV  
  39  10:31  Battlecruiser  
  39  10:32  SCV  
  46  10:43  Banshee  
  36  11:26  Banshee  
  39  11:33  SCV  
  39  11:35  Battlecruiser  
  46  11:45  SCV  
  44  11:57  SCV  
  42  12:12  Supply Depot  
  42  12:13  Supply Depot  
  42  12:34  SCV  
  43  12:45  Command Center  
  43  12:46  Refinery  
  43  12:48  Refinery  
  55  12:58  Battlecruiser x2  
  55  13:00  Sensor Tower  
  55  13:05  Supply Depot  
  55  13:06  Supply Depot  
  55  13:27  SCV  
  56  13:35  Sensor Tower  
  56  13:39  SCV  
  57  13:51  SCV  
  58  14:03  SCV  
  59  14:14  Command Center  
  59  14:19  SCV  
  60  14:28  Barracks  
  60  14:31  SCV  
  60  14:32  SCV  
  62  14:40  Battlecruiser  
  62  14:43  Battlecruiser  
  62  14:44  SCV  
  75  14:59  SCV  
  76  15:09  SCV  
  76  15:11  SCV  
  78  15:16  Factory  
  78  15:21  SCV  
  78  15:26  Orbital Command  
  78  15:27  Orbital Command  
  79  15:29  Refinery  
  79  15:44  Battlecruiser  
  85  15:54  Battlecruiser  
  91  16:41  SCV  
  91  16:44  SCV  
  93  16:49  Battlecruiser  
  93  16:53  SCV  
  100  16:56  SCV  
  98  17:06  SCV, Weapon Refit  
  98  17:08  SCV  
  100  17:09  Supply Depot  
  100  17:10  Supply Depot  
  100  17:14  Armory  
  100  17:15  Armory  
  100  17:20  SCV  
  101  17:31  SCV, Battlecruiser  
  101  17:33  SCV  
  109  17:38  Supply Depot x2  
  109  17:43  SCV  
  109  17:44  Supply Depot  
  110  17:46  Supply Depot  
  110  17:53  Battlecruiser  
  116  18:13  Terran Ship Weapons Level 1  
  116  18:14  Terran Vehicle And Ship Armor Level 1  
  116  18:18  SCV x3  
  119  18:24  Command Center  
  119  18:30  Refinery  
  119  18:31  Supply Depot  
  119  18:34  Supply Depot  
  119  18:35  Battlecruiser  
  122  18:56  Refinery  
  122  18:57  SCV, Battlecruiser  
  122  19:02  Refinery  
  129  19:09  SCV  
  130  19:13  SCV x2  
  132  19:19  Refinery, Command Center  
  132  19:31  Starport  
  132  19:36  Orbital Command  
  132  19:40  Battlecruiser  
  132  19:41  SCV  
  132  19:43  SCV  
  140  19:53  SCV  
  140  19:55  SCV  
  140  19:58  SCV  
  143  20:05  SCV  
  145  20:14  SCV x3  
  145  20:18  Battlecruiser  
  145  20:19  Starport Tech Lab  
  153  20:25  Starport  
  153  20:30  Starport, Planetary Fortress  
  153  20:31  Starport  
  153  20:37  SCV  
  153  20:38  SCV x3  
  157  20:44  Supply Depot  
  169  20:58  SCV x4  
  173  21:20  Refinery  
  179  21:30  Starport Tech Lab x3  
Show
View Real Time Build Order
Export as new Build Order

Rogal Protoss - Winner!

Build Orders:  

Get SALT Encoding   

  1  0:00  Probe  
  13  0:07  Probe  
  14  0:16  Probe  
  15  0:27  Pylon  
  15  0:52  Gateway  
  15  1:29  Gateway  
  15  1:31  Gateway  
  15  1:33  Probe  
  15  1:36  Assimilator  
  16  1:40  Assimilator  
  16  1:41  Probe  
  17  1:51  Probe  
  18  2:03  Cybernetics Core, Probe  
  18  2:04  Gateway  
  19  2:15  Probe  
  20  2:22  Warp Gate  
  20  2:52  Pylon  
  20  2:56  Stalker  
  22  3:13  Probe, Pylon x2  
  22  3:14  Pylon  
  23  3:24  Stalker  
  23  3:25  Probe  
  26  3:28  Stalker  
  26  3:31  Stalker  
  30  3:37  Probe  
  31  3:50  Probe  
  29  4:32  Stalker x4  
  37  5:02  Forge  
  37  5:04  Pylon x2  
  37  5:36  Robotics Facility  
  37  5:45  Pylon  
  37  5:46  Pylon  
  37  5:48  Pylon  
  37  5:58  Photon Cannon  
  37  6:02  Stalker x2  
  41  6:22  Immortal  
  42  6:42  Cybernetics Core  
  40  6:53  Immortal  
  42  7:07  Probe  
  43  7:23  Pylon, Photon Cannon  
  43  7:30  Protoss Ground Armor Level 1  
  43  7:34  Probe  
  43  7:36  Immortal  
  48  7:54  Pylon  
  48  7:55  Pylon  
  48  8:00  Gateway  
  48  8:11  Zealot x2  
  52  8:33  Zealot x2  
  48  8:59  Stalker x2  
  40  9:24  Protoss Ground Weapons Level 1  
  40  9:36  Immortal  
  40  9:37  Photon Cannon  
  44  9:42  Pylon  
  44  9:45  Photon Cannon  
  43  9:57  Stalker x2  
  47  10:16  Observer  
  43  10:34  Stalker  
  43  10:35  Stalker x2  
  47  11:31  Stalker x2  
  51  11:33  Zealot  
  41  12:26  Nexus  
  39  13:00  Pylon  
  39  13:03  Pylon  
  39  13:09  Stalker x2  
  39  13:10  Stalker  
  45  13:18  Observer  
  46  13:38  Probe  
  46  13:46  Probe  
  47  13:52  Photon Cannon  
  48  13:56  Probe  
  48  14:04  Stalker  
  48  14:08  Probe  
  44  14:20  Probe  
  45  14:32  Probe  
  45  14:34  Assimilator  
  46  14:39  Assimilator  
  46  14:44  Probe  
  47  14:54  Pylon  
  47  14:56  Probe  
  48  15:06  Protoss Shields Level 1  
  48  15:34  Zealot x3  
  54  15:47  Photon Cannon  
  48  16:12  Probe  
  44  16:24  Probe  
  38  16:35  Probe  
  39  16:43  Probe  
  39  16:51  Probe  
  40  17:01  Probe  
  42  17:09  Probe  
  43  17:17  Probe  
  44  17:41  Probe  
  44  17:49  Probe  
  46  17:58  Probe  
  47  18:07  Probe  
  48  18:15  Probe  
  49  18:25  Probe  
  50  18:37  Probe  
  50  18:49  Probe  
  51  19:15  Nexus  
  51  19:19  Pylon  
  51  19:22  Probe, Pylon  
  51  19:26  Pylon  
  51  19:30  Probe  
  52  19:37  Observer  
  54  19:39  Probe  
  55  19:46  Probe  
  55  19:47  Probe  
  57  19:55  Probe  
  57  19:58  Probe  
  59  20:05  Probe  
  59  20:10  Probe, Zealot  
  59  20:11  Zealot  
  65  20:26  Immortal  
  69  20:33  Probe  
  69  20:41  Probe  
  70  20:48  Probe  
  71  20:50  Probe  
  71  20:56  Probe  
  74  21:06  Probe  
  75  21:12  Observer  
  76  21:29  Stargate  
  76  21:33  Gateway  
Tags
 
Add a new tag
Caveats
  • Supply blocks, unpowered buildings, or Contaminate may cause inaccurate times.
  • Supply counts are checked every 10 seconds.